Map: Pride of Altaris LE

Players

AGOElazer (Elazer) - Winner!

  • Race: Zerg Zerg
  • League: Master

BlyOnFire (Bly)

  • Race: Zerg Zerg

VOD

Have the link to the VOD?

Description

Time

  • Played on: Oct. 21, 2021, 8:44 a.m.
  • Length: 3:29
Show
View Real Time Build Order
Export as new Build Order

AGOElazer Zerg - Winner!

Build Orders: Pool First 

Get SALT Encoding   

  12  0:00  Drone  
  13  0:12  Overlord  
  13  0:16  Drone  
  14  0:30  Drone x2  
  14  0:34  Drone  
  17  0:44  Extractor  
  17  0:45  Drone  
  17  0:48  Spawning Pool  
  16  0:55  Drone  
  17  1:06  Drone  
  18  1:16  Hatchery  
  17  1:20  Drone  
  18  1:35  Queen  
  18  1:36  Zergling x2  
  18  1:39  Zergling x2  
  22  1:45  Metabolic Boost  
  22  1:52  Overlord  
  22  2:06  Baneling Nest  
  21  2:10  Zergling x2  
  21  2:11  Zergling x2  
  23  2:15  Queen  
  25  2:24  Zergling x2  
  25  2:29  Zergling x2  
  27  2:33  Zergling x2  
  28  2:41  Zergling x2  
  29  2:45  Zergling x8  
  33  2:52  Zergling x2  
  34  3:01  Zergling x4  
  36  3:10  Overlord  
Show
View Real Time Build Order
Export as new Build Order

BlyOnFire Zerg 

Build Orders: Hatch First 

Get SALT Encoding   

  12  0:00  Drone  
  13  0:12  Overlord  
  13  0:17  Drone  
  14  0:30  Drone x2  
  16  0:47  Hatchery  
  15  0:51  Drone  
  15  0:56  Drone  
  17  0:58  Drone  
  18  1:11  Extractor  
  17  1:13  Spawning Pool  
  17  1:18  Drone  
  17  1:20  Drone  
  18  1:27  Drone  
  19  1:39  Drone  
  20  1:48  Overlord  
  20  2:00  Queen  
  25  2:01  Drone x2  
  26  2:11  Lair  
  26  2:12  Drone x2  
  26  2:26  Drone x2  
  28  2:32  Overlord  
  28  2:34  Drone  
  28  2:35  Queen  
  31  2:37  Extractor  
  30  2:49  Overlord  
  30  2:55  Roach Warren  
  29  3:00  Drone x3  
  32  3:10  Nydus Network  
Tags
 
Add a new tag
Caveats
  • Supply blocks, unpowered buildings, or Contaminate may cause inaccurate times.
  • Supply counts are checked every 10 seconds.